[Event "Czech open A"]
[Site "?"]
[Date "2013.07.23"]
[Round "5.48"]
[White "Cherepanov, Vladislav"]
[Black "Stocek, Jiri"]
[Result "0-1"]
[ECO "E32"]
[WhiteElo "2284"]
[BlackElo "2576"]
[PlyCount "142"]
[EventDate "2013.??.??"]
[TimeControl "6000+2190"]
[WhiteClock "0:00:50"]
[BlackClock "0:01:35"]

1. d4 Nf6 2. c4 e6 3. Nc3 Bb4 4. Qc2 d6 5. Bg5 h6 6. Bh4 O-O 7. e3 Re8 8. Nge2
c6 9. O-O-O Nbd7 10. Kb1 a6 11. a3 Ba5 12. Ne4 Bc7 13. N2c3 Qe7 14. Bd3 d5 15.
cxd5 cxd5 16. Nd2 Ba5 17. b4 Bd8 18. Qb3 Qf8 19. a4 a5 20. b5 e5 21. Bg3 Bb6
22. Ne2 Ba7 23. Ka2 Nh5 24. Qa3 Nxg3 25. Qxf8+ Kxf8 26. hxg3 Nf6 27. Nb3 Bg4
28. f3 e4 29. fxg4 exd3 30. Rxd3 Nxg4 31. Re1 Rxe3 32. Rxe3 Nxe3 33. Nxa5 Nxg2
34. Rd1 Bb6 35. Nxb7 Rxa4+ 36. Kb3 Ra7 37. Nc5 Ne3 38. Rd3 Nc4 39. Nc3 Ra3+ 40.
Kc2 Ra5 41. N5a4 Bd8 42. Kb3 Nd6 43. Kb4 h5 44. Re3 Ra8 45. Nxd5 Nxb5 46. Kxb5
Ra5+ 47. Kc6 Rxa4 48. Rd3 g6 49. Kd7 Bg5 50. Nc7 Bf6 51. d5 Be5 52. d6 Rg4 53.
Nd5 Rxg3 54. Rd1 h4 55. Kc6 Bxd6 56. Kxd6 Kg7 57. Ke5 Rg4 58. Rf1 h3 59. Ne3
f6+ 60. Kd5 Rh4 61. Rg1 Kf7 62. Nf1 g5 63. Nd2 Kg6 64. Nf3 Rf4 65. Nd4 g4 66.
Ne2 Rb4 67. Rf1 Kg5 68. Ng3 Rb5+ 69. Kd4 f5 70. Ne2 Rb3 71. Rc1 h2 0-1

[Event "Czech open A"]
[Site "?"]
[Date "2013.07.23"]
[Round "5.49"]
[White "Geller, Jakov"]
[Black "Meissner, Felix"]
[Result "1-0"]
[ECO "A48"]
[WhiteElo "2549"]
[BlackElo "2285"]
[PlyCount "83"]
[EventDate "2013.??.??"]
[TimeControl "6000+1510"]
[WhiteClock "1:13:23"]
[BlackClock "0:29:19"]

1. d4 Nf6 2. Nf3 g6 3. Bf4 Bg7 4. e3 O-O 5. h3 d6 6. Be2 b6 7. O-O Bb7 8. Bh2
Nbd7 9. a4 a5 10. Na3 e6 11. Nb5 Ne8 12. c3 Qe7 13. b4 e5 14. bxa5 bxa5 15. Rb1
e4 16. Nd2 Nb6 17. c4 Bc6 18. Qc2 Nc8 19. Nb3 Nb6 20. c5 dxc5 21. Nxc5 Nc8 22.
Rfc1 Ncd6 23. Nb3 Bd7 24. Qd2 Nxb5 25. axb5 a4 26. Nc5 Nd6 27. Qb4 Rfb8 28. Na6
Rxa6 29. bxa6 Rxb4 30. Rxb4 Nc8 31. Rb8 Bf8 32. Rxc7 a3 33. Bc4 a2 34. Bxa2 Qa3
35. Bc4 Be6 36. Rbxc8 Qa1+ 37. Bf1 Bxc8 38. Rxc8 Kg7 39. Be5+ f6 40. Bb8 Bb4
41. a7 Be1 42. Bg3 1-0

[Event "Czech open A"]
[Site "?"]
[Date "2013.07.23"]
[Round "5.50"]
[White "Nadjezhdin, Dmitry"]
[Black "Gretarsson, Hjoerrar Steinn"]
[Result "0-1"]
[ECO "A05"]
[WhiteElo "2300"]
[BlackElo "2511"]
[PlyCount "112"]
[EventDate "2013.??.??"]
[TimeControl "6000+710"]
[WhiteClock "0:24:45"]
[BlackClock "0:23:05"]

1. Nf3 Nf6 2. c4 e6 3. g3 d5 4. b3 Be7 5. Bb2 b6 6. Bg2 Bb7 7. O-O O-O 8. e3 a5
9. Nc3 Nbd7 10. d3 Nc5 11. Ne5 Bd6 12. Nb5 Bxe5 13. Bxe5 c6 14. Nd4 Qe7 15. Ne2
Rfd8 16. Qc2 Ncd7 17. Bb2 e5 18. a4 c5 19. Nc3 Nf8 20. e4 d4 21. Nd5 Nxd5 22.
exd5 Ng6 23. Rae1 Qd6 24. Qe2 Rf8 25. h4 f6 26. Bc1 Rae8 27. h5 Nh8 28. Qg4 Bc8
29. Qh4 Bf5 30. Rd1 Qd7 31. Rfe1 Nf7 32. Be4 h6 33. Qh1 Nd6 34. f3 Bxe4 35.
fxe4 Qg4 36. Kg2 f5 37. exf5 Rxf5 38. Qh4 Qf3+ 39. Kg1 Qf2+ 40. Kh1 Ref8 41.
Qg4 R5f6 42. Re2 Qf5 43. Qxf5 Rxf5 44. g4 Rf1+ 45. Rxf1 Rxf1+ 46. Kg2 Rxc1 47.
Rxe5 Kf7 48. Re6 Ne8 49. Rxb6 Rc3 50. Rb7+ Kf8 51. Rb5 Rxd3 52. Rxc5 Rxb3 53.
Rxa5 d3 54. Kf2 d2 55. Ke2 Rd3 56. Kd1 Nd6 0-1

[Event "Czech open A"]
[Site "?"]
[Date "2013.07.23"]
[Round "5.51"]
[White "Stupak, Kirill"]
[Black "Heimrath, Reiner"]
[Result "1-0"]
[ECO "A40"]
[WhiteElo "2510"]
[BlackElo "2280"]
[PlyCount "79"]
[EventDate "2013.??.??"]
[TimeControl "6000+730"]
[WhiteClock "1:17:42"]
[BlackClock "0:03:13"]

1. d4 b6 2. Nf3 Bb7 3. g3 e6 4. Bg2 c5 5. c4 cxd4 6. Qxd4 Nc6 7. Qf4 Rc8 8. O-O
Qc7 9. Nc3 d6 10. Rd1 a6 11. b3 Nf6 12. Ba3 Ne5 13. Rac1 Be7 14. Qd4 Nc6 15.
Qd2 Rd8 16. Nd5 exd5 17. cxd5 Nxd5 18. Qxd5 Qd7 19. Ng5 O-O 20. Nxh7 Rfe8 21.
Ng5 Bf6 22. Ne4 Be5 23. Qd3 Qg4 24. Bf3 Qg6 25. Nc3 Qh6 26. Bd5 Re6 27. Ne4 Na5
28. b4 Bxd5 29. Qxd5 Qh5 30. bxa5 Rh6 31. h4 Qg4 32. Rc4 Qxe2 33. Qd3 Qh5 34.
axb6 d5 35. b7 dxc4 36. Qxd8+ Kh7 37. Ng5+ Kg6 38. Rd6+ Kf5 39. Qd7+ Re6 40.
Rxe6 1-0

[Event "Czech open A"]
[Site "?"]
[Date "2013.07.23"]
[Round "5.52"]
[White "Shemeakin, Alexander"]
[Black "Zorko, Jure"]
[Result "1/2-1/2"]
[ECO "E36"]
[WhiteElo "2299"]
[BlackElo "2459"]
[PlyCount "40"]
[EventDate "2013.??.??"]
[TimeControl "6000+1075"]
[WhiteClock "0:55:14"]
[BlackClock "0:43:19"]

1. d4 Nf6 2. c4 e6 3. Nc3 Bb4 4. Qc2 d5 5. a3 Bxc3+ 6. Qxc3 O-O 7. Nf3 dxc4 8.
Qxc4 b6 9. Bg5 Ba6 10. Qa4 c5 11. Rd1 cxd4 12. Nxd4 Qe8 13. Qxe8 Rxe8 14. Bxf6
gxf6 15. e3 Bxf1 16. Rxf1 Rc8 17. Ke2 Kf8 18. Rd2 a6 19. Rfd1 Ke7 20. g4 Ra7
1/2-1/2

[Event "Czech open A"]
[Site "?"]
[Date "2013.07.23"]
[Round "5.53"]
[White "Rzayev, Bahruz"]
[Black "Braeuer, Franz"]
[Result "1-0"]
[ECO "B90"]
[WhiteElo "2429"]
[BlackElo "2275"]
[PlyCount "63"]
[EventDate "2013.??.??"]
[TimeControl "6000+975"]
[WhiteClock "0:51:25"]
[BlackClock "0:03:33"]

1. e4 c5 2. Nf3 d6 3. d4 cxd4 4. Nxd4 Nf6 5. Nc3 a6 6. Rg1 h5 7. Bg5 e6 8. Qd2
Be7 9. f4 Qc7 10. O-O-O b5 11. a3 Nbd7 12. Nf3 Nc5 13. Qe1 Bb7 14. e5 dxe5 15.
Nxe5 Rc8 16. Bd3 Nd5 17. Bxe7 Qxe7 18. Nxd5 Bxd5 19. Kb1 Na4 20. Qa5 O-O 21. g4
h4 22. g5 Rc3 23. Qb4 Rc5 24. Rg4 Rd8 25. Rxh4 Nc3+ 26. bxc3 a5 27. Qb2 Qa7 28.
g6 fxg6 29. Nxg6 Kf7 30. Ne5+ Ke7 31. c4 bxc4 32. Nc6+ 1-0

[Event "Czech open A"]
[Site "?"]
[Date "2013.07.23"]
[Round "5.54"]
[White "Jorczik, Julian Marcel"]
[Black "Le Ruyet, Leopold"]
[Result "1-0"]
[ECO "D34"]
[WhiteElo "2422"]
[BlackElo "2273"]
[PlyCount "79"]
[EventDate "2013.??.??"]
[TimeControl "6000+1715"]
[WhiteClock "0:31:35"]
[BlackClock "0:02:17"]

1. d4 d5 2. c4 e6 3. Nc3 c5 4. cxd5 exd5 5. Nf3 Nc6 6. g3 Nf6 7. Bg2 Be7 8. O-O
O-O 9. Bf4 c4 10. Ne5 Be6 11. Nxc4 dxc4 12. d5 Qb6 13. dxe6 fxe6 14. Qa4 Rac8
15. Qxc4 Nd4 16. Qd3 Rfd8 17. Rab1 Ng4 18. Qe4 Rd7 19. e3 Nf6 20. Qe5 Ng4 21.
Qh5 Nf6 22. Qh3 Nc2 23. a3 Qa6 24. Ne4 Nd5 25. Be5 h6 26. Qg4 Bf8 27. Bh3 Rc6
28. Rbc1 Ncxe3 29. fxe3 Nxe3 30. Nf6+ Kh8 31. Qe4 Qd3 32. Qxd3 Rxd3 33. Rxc6
bxc6 34. Rf3 gxf6 35. Rxf6 Bg7 36. Rf8+ Kh7 37. Rf7 Rd1+ 38. Kf2 Rf1+ 39. Bxf1
Ng4+ 40. Kg2 1-0

[Event "Czech open A"]
[Site "?"]
[Date "2013.07.23"]
[Round "5.55"]
[White "Karavade, Eesha"]
[Black "Vetoshko, Volodymyr"]
[Result "1/2-1/2"]
[ECO "A04"]
[WhiteElo "2398"]
[BlackElo "2268"]
[PlyCount "39"]
[EventDate "2013.??.??"]
[TimeControl "6000+1190"]
[WhiteClock "0:54:00"]
[BlackClock "0:45:58"]

1. Nf3 c5 2. c4 b6 3. Nc3 Bb7 4. d4 cxd4 5. Nxd4 Nf6 6. f3 a6 7. e4 d6 8. Be2
e6 9. Be3 Qc7 10. Qd2 Be7 11. O-O O-O 12. Rac1 Nbd7 13. Rfd1 Rac8 14. a3 Qb8
15. b4 Rfe8 16. Kh1 Bd8 17. Bg1 Bc7 18. Qa2 Kh8 19. Nb3 Rg8 20. a4 1/2-1/2

[Event "Czech open A"]
[Site "?"]
[Date "2013.07.23"]
[Round "5.56"]
[White "Seger, Ruediger"]
[Black "Sochacki, Wojtek"]
[Result "0-1"]
[ECO "B22"]
[WhiteElo "2393"]
[BlackElo "2264"]
[PlyCount "94"]
[EventDate "2013.??.??"]
[TimeControl "6000+840"]
[WhiteClock "0:29:15"]
[BlackClock "0:25:03"]

1. e4 c5 2. c3 Nf6 3. e5 Nd5 4. d4 cxd4 5. Nf3 Nc6 6. cxd4 d6 7. Bc4 Nb6 8. Bb5
d5 9. h3 Bf5 10. Nc3 e6 11. O-O Rc8 12. Bg5 Be7 13. Bxe7 Qxe7 14. Re1 O-O 15.
Rc1 Qb4 16. Re2 a6 17. a3 Qe7 18. Bd3 Bxd3 19. Qxd3 Na5 20. h4 h6 21. g3 Rc6
22. Rcc2 Rfc8 23. Ne1 Nac4 24. Nd1 Nd7 25. f4 b5 26. Nf2 Nf8 27. Kg2 b4 28. a4
Qb7 29. Nd1 Qb6 30. Nf3 Qa5 31. Ne1 Qxa4 32. b3 Qb5 33. Ra2 Na3 34. Qxb5 Nxb5
35. Nc2 a5 36. Kf2 Nc3 37. Nxc3 Rxc3 38. Ne1 Rxb3 39. Rxa5 Rcc3 40. g4 Ng6 41.
f5 Nxh4 42. Ra8+ Kh7 43. fxe6 fxe6 44. Ra6 Ng6 45. Ng2 Rg3 46. Ne3 Nf4 47. Re1
Rh3 0-1

[Event "Czech open A"]
[Site "?"]
[Date "2013.07.23"]
[Round "5.57"]
[White "Kourousis, Epaminondas"]
[Black "Koykka, Pekka"]
[Result "0-1"]
[ECO "D12"]
[WhiteElo "2391"]
[BlackElo "2250"]
[PlyCount "126"]
[EventDate "2013.??.??"]
[TimeControl "6000+1100"]
[WhiteClock "0:00:46"]
[BlackClock "0:03:33"]

1. Nf3 d5 2. d4 Nf6 3. c4 c6 4. e3 Bf5 5. Nc3 e6 6. Nh4 Be4 7. f3 Bg6 8. Qb3 b5
9. cxd5 exd5 10. g3 Nbd7 11. Kf2 Be7 12. Kg2 O-O 13. Nxg6 hxg6 14. Bd3 b4 15.
Ne2 Qb6 16. Bd2 c5 17. Qd1 Rfe8 18. Rc1 Nf8 19. Qa4 a5 20. Be1 Ne6 21. Bf2 Qa7
22. Rhd1 Rec8 23. Bb1 Qa6 24. Rd2 cxd4 25. exd4 Rxc1 26. Nxc1 Ne8 27. Bd3 Qa7
28. Ne2 Bf6 29. Qc6 N8c7 30. Rc2 Rd8 31. Be3 g5 32. Bf2 g6 33. Rc1 Kg7 34. h3
Be7 35. Qc2 Ne8 36. Qa4 N8c7 37. Rc2 Ne8 38. Rc6 N8c7 39. Be3 Rd6 40. Rc1 Bf6
41. Bf2 Rd8 42. Rc6 Rb8 43. g4 Rd8 44. Qc2 Rd7 45. Qa4 Rd8 46. Qd1 Qb7 47. Qc2
Rd7 48. Qa4 Rd8 49. Bg3 Qa7 50. a3 Qb7 51. Qc2 bxa3 52. bxa3 Nb5 53. Bxb5 Qxb5
54. a4 Qb4 55. Bf2 Rb8 56. Qc3 Qb2 57. Qc2 Rb4 58. Qxb2 Rxb2 59. Kf1 Ra2 60.
Rd6 Rxa4 61. Rxd5 Ra1+ 62. Be1 a4 63. Kf2 Ra2 0-1

[Event "Czech open A"]
[Site "?"]
[Date "2013.07.23"]
[Round "5.58"]
[White "Lorscheid, Gerhard"]
[Black "Kanovsky, David"]
[Result "0-1"]
[ECO "A65"]
[WhiteElo "2273"]
[BlackElo "2389"]
[PlyCount "70"]
[EventDate "2013.??.??"]
[TimeControl "6000+1920"]
[WhiteClock "0:03:37"]
[BlackClock "0:16:33"]

1. d4 Nf6 2. c4 c5 3. d5 e6 4. Nc3 exd5 5. cxd5 d6 6. e4 g6 7. Nge2 Bg7 8. Ng3
O-O 9. Be2 a6 10. a4 Nbd7 11. O-O Rb8 12. Bf4 Qc7 13. Qd2 Re8 14. f3 h5 15.
Rfc1 Ne5 16. Be3 Qa5 17. h3 Nh7 18. Nh1 f5 19. Nf2 Nf6 20. exf5 Bxf5 21. g4 Bd7
22. g5 Nh7 23. f4 Nf7 24. Bd3 Nf8 25. Re1 Re7 26. Qc2 Rbe8 27. Bd2 Rxe1+ 28.
Bxe1 Qb4 29. Ne2 Rxe2 30. Bxe2 Qxf4 31. Ra3 Bd4 32. Kg2 Nxg5 33. Qd2 Qf5 34. h4
Qxd5+ 35. Kf1 Bh3+ 0-1

[Event "Czech open A"]
[Site "?"]
[Date "2013.07.23"]
[Round "5.59"]
[White "Jaracz, Barbara"]
[Black "Druska, Juraj"]
[Result "0-1"]
[ECO "C77"]
[WhiteElo "2270"]
[BlackElo "2385"]
[PlyCount "96"]
[EventDate "2013.??.??"]
[TimeControl "6000+1370"]
[WhiteClock "0:17:48"]
[BlackClock "0:20:07"]

1. e4 e5 2. Nf3 Nc6 3. Bb5 a6 4. Ba4 Nf6 5. d3 b5 6. Bb3 Bc5 7. c3 O-O 8. O-O
d6 9. Bg5 Be6 10. Bc2 h6 11. Bh4 Bb6 12. Nbd2 Qe7 13. Re1 g5 14. Bg3 g4 15. Nh4
Nh5 16. Nf1 Qg5 17. Ne3 Ne7 18. d4 Ng7 19. Qd2 exd4 20. cxd4 f5 21. exf5 Nexf5
22. Nhxf5 Nxf5 23. Qd3 Rae8 24. Nxf5 Bxf5 25. Qb3+ Kg7 26. Bxf5 Qxf5 27. Qc3
Qf6 28. d5 Qxc3 29. bxc3 Ba5 30. Rec1 Rf5 31. c4 bxc4 32. Rxc4 h5 33. Rc6 Bb6
34. h3 gxh3 35. gxh3 Rxd5 36. Kg2 Re2 37. Kf3 Rb2 38. a4 a5 39. Ke4 Rd4+ 40.
Kf5 h4 41. Bf4 Rxf2 42. Rg1+ Kf7 43. Rg4 Rxa4 44. Rxh4 Ke7 45. Rc3 Kd7 46. Kg5
Rb4 47. Rh7+ Ke6 48. Bg3 Rg2 0-1

[Event "Czech open A"]
[Site "?"]
[Date "2013.07.23"]
[Round "5.60"]
[White "Pasiev, Rakhim"]
[Black "Mukashev, Assan"]
[Result "1-0"]
[ECO "C11"]
[WhiteElo "2384"]
[BlackElo "2247"]
[PlyCount "81"]
[EventDate "2013.??.??"]
[TimeControl "6000+1470"]
[WhiteClock "0:36:56"]
[BlackClock "0:33:17"]

1. e4 e6 2. Nc3 d5 3. Nf3 Nf6 4. e5 Nfd7 5. d4 c5 6. dxc5 Nc6 7. Bf4 Nxc5 8.
Be2 Be7 9. h4 a6 10. h5 b5 11. Bd3 b4 12. Ne2 f5 13. Ned4 Na5 14. Qe2 Bd7 15.
g3 Nab7 16. Kf1 Qb6 17. Kg2 Rg8 18. Be3 Qc7 19. Rac1 Ne4 20. Bf4 Qb6 21. Be3
Nbc5 22. Nb3 Qb7 23. Nxc5 Bxc5 24. Bxc5 Nxc5 25. Nd4 Qb8 26. f3 Qb6 27. Qe3 Na4
28. b3 Nc5 29. c4 Nxd3 30. Qxd3 dxc4 31. Rxc4 Bb5 32. Rxb4 Rd8 33. Qc3 Qa5 34.
a4 Bd7 35. Re1 Rc8 36. Qd2 Ke7 37. Re2 Rc7 38. Nxf5+ exf5 39. Qd6+ Ke8 40. Rb8+
Bc8 41. b4 1-0

[Event "Czech open A"]
[Site "?"]
[Date "2013.07.23"]
[Round "5.61"]
[White "Seyb, Alexander"]
[Black "Peterson, Eric"]
[Result "1-0"]
[ECO "C17"]
[WhiteElo "2380"]
[BlackElo "2239"]
[PlyCount "147"]
[EventDate "2013.??.??"]
[TimeControl "6000+1175"]
[WhiteClock "0:18:37"]
[BlackClock "0:11:47"]

1. e4 e6 2. d4 d5 3. Nc3 Bb4 4. e5 c5 5. a3 Ba5 6. Bd2 cxd4 7. Nb5 Bc7 8. f4
Bd7 9. Qg4 g6 10. Nxd4 Nc6 11. Nb5 Nge7 12. Nf3 Nf5 13. Bd3 Bb8 14. Qh3 a6 15.
Bxf5 axb5 16. Bd3 Qb6 17. Qh4 Bc7 18. Qf2 Qxf2+ 19. Kxf2 Bb6+ 20. Be3 d4 21.
Bd2 O-O 22. Rhe1 f6 23. Kg3 fxe5 24. Nxe5 Nxe5 25. fxe5 Bc7 26. Bb4 Rf7 27. Bc5
Bc6 28. Bxd4 Rd8 29. Bc3 Rd5 30. h4 Kg7 31. Re2 Bd8 32. Rh1 h6 33. Rf2 Rxf2 34.
Kxf2 Bb6+ 35. Kg3 Bd4 36. Bxd4 Rxd4 37. Rf1 h5 38. Rf4 Rd5 39. Rf6 Rxe5 40.
Rxg6+ Kf7 41. Kf4 Re1 42. Rg5 Rb1 43. b3 Ra1 44. Bxb5 Rxa3 45. Bxc6 bxc6 46.
Rc5 Ra1 47. Rxc6 Kf6 48. b4 Rf1+ 49. Ke4 Re1+ 50. Kf3 Rf1+ 51. Kg3 Rb1 52. c3
Kf5 53. Kf3 Rf1+ 54. Ke2 Rg1 55. Kf2 Rb1 56. Rd6 e5 57. Rd2 Ke4 58. Re2+ Kf4
59. g3+ Kf5 60. Re3 Rb2+ 61. Ke1 e4 62. Kd1 Ke5 63. Kc1 Rg2 64. b5 Ra2 65. Re1
Ra1+ 66. Kd2 Ra2+ 67. Ke3 Rc2 68. Rb1 Rxc3+ 69. Kf2 Rc2+ 70. Kf1 Kf5 71. b6 Rc8
72. b7 Rb8 73. Rb5+ Kg4 74. Kg2 1-0

[Event "Czech open A"]
[Site "?"]
[Date "2013.07.23"]
[Round "5.62"]
[White "Dorst, Johannes"]
[Black "Bures, Jaroslav"]
[Result "1/2-1/2"]
[ECO "A64"]
[WhiteElo "2236"]
[BlackElo "2379"]
[PlyCount "93"]
[EventDate "2013.??.??"]
[TimeControl "6000+935"]
[WhiteClock "0:26:55"]
[BlackClock "0:41:59"]

1. d4 Nf6 2. c4 e6 3. g3 c5 4. d5 exd5 5. cxd5 d6 6. Nf3 g6 7. Nc3 Bg7 8. Bg2
O-O 9. O-O a6 10. a4 Re8 11. Nd2 Nbd7 12. e4 Ne5 13. Qc2 Nh5 14. Nd1 f5 15. Ne3
f4 16. Nec4 Bg4 17. Nxe5 Bxe5 18. Nf3 Bxf3 19. Bxf3 fxg3 20. hxg3 Qf6 21. Qe2
Ng7 22. Bg4 h5 23. Bh3 g5 24. Ra3 g4 25. Bg2 b5 26. axb5 axb5 27. Qxb5 Rab8 28.
Qd3 Bxb2 29. Bxb2 Rxb2 30. Qc3 Qxc3 31. Rxc3 Re5 32. Ra1 Rb7 33. Ra6 Ne8 34. f4
gxf3 35. Bxf3 Kf8 36. Rca3 Ke7 37. Ra7 Rd7 38. Rxd7+ Kxd7 39. Ra7+ Nc7 40. Kf2
Kc8 41. Ra1 Ne8 42. Ra6 Kb7 43. Rc6 Nf6 44. Rxd6 Nxe4+ 45. Bxe4 Rxe4 46. Rc6 c4
47. Kf3 1/2-1/2

[Event "Czech open A"]
[Site "?"]
[Date "2013.07.23"]
[Round "5.63"]
[White "Wenninger, Philipp"]
[Black "Repkova, Eva"]
[Result "1-0"]
[ECO "E06"]
[WhiteElo "2229"]
[BlackElo "2374"]
[PlyCount "63"]
[EventDate "2013.??.??"]
[TimeControl "6000+1905"]
[WhiteClock "0:26:31"]
[BlackClock "0:23:44"]

1. d4 e6 2. c4 Nf6 3. g3 d5 4. Bg2 Be7 5. Nf3 O-O 6. O-O dxc4 7. Qc2 a6 8. Qxc4
b5 9. Qc2 Bb7 10. Bd2 Be4 11. Qc1 Nc6 12. e3 b4 13. Rd1 Qd5 14. Ne1 Bxg2 15.
Nxg2 e5 16. Be1 exd4 17. Nd2 Rfd8 18. Nf4 Qb5 19. Nb3 dxe3 20. Qxe3 Bd6 21.
Rac1 Re8 22. Qf3 Ne5 23. Qg2 Qa4 24. Ra1 Nc4 25. Nd3 Ne4 26. Nd4 Qa5 27. b3 Nb6
28. Bxb4 Bxb4 29. Nc6 Qf5 30. Ndxb4 a5 31. Nc2 Nc3 32. Ne7+ 1-0

[Event "Czech open A"]
[Site "?"]
[Date "2013.07.23"]
[Round "5.64"]
[White "Vyskocil, Neklan"]
[Black "Valli, Frans"]
[Result "1/2-1/2"]
[ECO "D10"]
[WhiteElo "2374"]
[BlackElo "2237"]
[PlyCount "66"]
[EventDate "2013.??.??"]
[TimeControl "6000+2130"]
[WhiteClock "0:03:03"]
[BlackClock "0:06:40"]

1. d4 d5 2. c4 c6 3. cxd5 cxd5 4. Nc3 Nf6 5. Bf4 Nc6 6. e3 a6 7. Bd3 Bg4 8.
Nge2 e6 9. O-O Be7 10. Rc1 O-O 11. h3 Bh5 12. a3 Bg6 13. Na4 Nd7 14. Bh2 Nb6
15. Nxb6 Qxb6 16. b4 Rfc8 17. Nc3 a5 18. Na4 Qd8 19. b5 Na7 20. Qb3 Rxc1 21.
Rxc1 Rc8 22. Rb1 Bxd3 23. Qxd3 b6 24. g4 Bd6 25. Bxd6 Qxd6 26. Kg2 Rc4 27. Nb2
Rc7 28. Qb3 Nc8 29. Nd3 f6 30. Rc1 Rxc1 31. Nxc1 Qc7 32. Ne2 Nd6 33. a4 Kf7
1/2-1/2

[Event "Czech open A"]
[Site "?"]
[Date "2013.07.23"]
[Round "5.65"]
[White "Mueer, Sebastian"]
[Black "Sergeyev, Alexander"]
[Result "0-1"]
[ECO "D94"]
[WhiteElo "2202"]
[BlackElo "2368"]
[PlyCount "92"]
[EventDate "2013.??.??"]
[TimeControl "6000+1270"]
[WhiteClock "0:16:13"]
[BlackClock "0:32:43"]

1. c4 c6 2. Nf3 d5 3. e3 Nf6 4. Nc3 g6 5. d4 Bg7 6. Bd3 O-O 7. O-O Bg4 8. h3
Bxf3 9. Qxf3 e6 10. Rd1 Nbd7 11. e4 e5 12. Be3 c5 13. Nxd5 Nxd5 14. cxd5 exd4
15. Bf4 a6 16. a4 Rc8 17. b3 Re8 18. Qg3 h6 19. Bd2 Nf6 20. Re1 Nh5 21. Qg4 Nf6
22. Qg3 Nh5 23. Qg4 Nf6 24. Qh4 g5 25. Qg3 Qd7 26. a5 Nh5 27. Qf3 Nf6 28. e5
Nxd5 29. Bf5 Re6 30. h4 gxh4 31. Re4 Ne7 32. Bxe6 Qxe6 33. Rxh4 Rc6 34. Re1 b5
35. b4 Ng6 36. Rhe4 cxb4 37. Rxd4 b3 38. Rb1 b2 39. Rd8+ Kh7 40. Rxb2 Nxe5 41.
Qe4+ f5 42. Qb1 Qf6 43. Rd5 Nf3+ 44. gxf3 Qxb2 45. Qxf5+ Rg6+ 46. Kh2 Qa1 0-1

[Event "Czech open A"]
[Site "?"]
[Date "2013.07.23"]
[Round "5.66"]
[White "Semenova, Elena"]
[Black "Chos, Alexey"]
[Result "0-1"]
[ECO "C41"]
[WhiteElo "2152"]
[BlackElo "2362"]
[PlyCount "86"]
[EventDate "2013.??.??"]
[TimeControl "6000+2470"]
[WhiteClock "0:14:45"]
[BlackClock "1:38:14"]

1. e4 d6 2. d4 Nf6 3. Nc3 e5 4. Nf3 Nbd7 5. Bc4 Be7 6. a4 O-O 7. O-O a5 8. h3
c6 9. Re1 Re8 10. Be3 Qc7 11. Ng5 Rf8 12. f4 d5 13. fxe5 dxc4 14. exf6 Bxf6 15.
e5 Bxg5 16. Bxg5 Nb6 17. Qf3 Be6 18. Ne4 Nd5 19. Qg3 f6 20. exf6 Qxg3 21. Nxg3
Rae8 22. fxg7 Kxg7 23. Bd2 b6 24. Re5 Bd7 25. Rae1 Rxe5 26. Rxe5 h6 27. Ne4 Bf5
28. c3 Kg6 29. g4 Bxe4 30. Rxe4 Rf6 31. Re5 Rd6 32. Re8 Kf7 33. Re4 b5 34. axb5
cxb5 35. Bf4 Rf6 36. Bg3 Re6 37. Rxe6 Kxe6 38. Kf2 b4 39. cxb4 c3 40. bxc3 a4
41. b5 a3 42. b6 Nxb6 43. d5+ Nxd5 0-1

[Event "Czech open A"]
[Site "?"]
[Date "2013.07.23"]
[Round "5.67"]
[White "Suran, Jan"]
[Black "Gergel, Vladimir"]
[Result "1-0"]
[ECO "C78"]
[WhiteElo "2362"]
[BlackElo "2229"]
[PlyCount "185"]
[EventDate "2013.??.??"]
[TimeControl "6000+1325"]
[WhiteClock "0:02:49"]
[BlackClock "0:04:29"]

1. e4 e5 2. Nf3 Nc6 3. Bb5 a6 4. Ba4 Nf6 5. O-O b5 6. Bb3 Bc5 7. c3 d6 8. d4
Bb6 9. Be3 O-O 10. Nbd2 Re8 11. Re1 h6 12. h3 Bd7 13. Bc2 Nh7 14. Nf1 Nf8 15.
Ng3 Qf6 16. Nh5 Qe7 17. Qd2 Kh7 18. Rad1 Rad8 19. a3 Ng6 20. Bb3 Na5 21. Ba2
Nc4 22. Bxc4 bxc4 23. Ng3 Ba4 24. Rc1 Rb8 25. Qe2 Nf4 26. Bxf4 exf4 27. Nh5 f5
28. e5 dxe5 29. Nxf4 e4 30. Ne5 Bb5 31. Qh5 Qg5 32. Qxg5 hxg5 33. Nd5 Kh6 34.
Ra1 a5 35. Rad1 g6 36. Nf7+ Kg7 37. Nxg5 Ba4 38. Rd2 c6 39. Nxb6 Rxb6 40. Re3
Kf6 41. h4 Reb8 42. Ree2 Rh8 43. g3 Re8 44. Kg2 Bb3 45. Re1 Ba2 46. Ra1 Bb3 47.
Re1 Reb8 48. f3 Ba2 49. Ra1 Bb3 50. fxe4 Ba4 51. b4 cxb3 52. e5+ Ke7 53. Rb2
Bb5 54. Rd1 Bc4 55. a4 Rd8 56. Kf2 Rb7 57. Ke3 Rbd7 58. Nh3 Rg8 59. Rdd2 Rb7
60. Ng5 Rbb8 61. Nh3 Rbf8 62. Rh2 Rf7 63. Ng5 Rfg7 64. Nf3 Be6 65. Kd3 Rf8 66.
Ng5 Bg8 67. e6 f4 68. gxf4 Rxf4 69. Rxb3 Kd6 70. Ke3 Rf1 71. Rf2 Rh1 72. c4
Rxh4 73. Ne4+ Rxe4+ 74. Kxe4 Bxe6 75. c5+ Kc7 76. Rb6 Bc8 77. Rf6 Bb7 78. Rb2
Bc8 79. Rb6 Bb7 80. Rb2 Bc8 81. Kf3 Bf5 82. Rb6 Bd7 83. Ra6 Kb7 84. Rb6+ Kc7
85. Ra6 Kb7 86. Rxa5 g5 87. Kg2 Re7 88. Rf2 Re4 89. Rb2+ Kc8 90. Ra8+ Kc7 91.
Ra7+ Kd8 92. Rb8+ Ke7 93. d5 1-0

[Event "Czech open A"]
[Site "?"]
[Date "2013.07.23"]
[Round "5.68"]
[White "Yefimov, Mstislav"]
[Black "Cerveny, Martin"]
[Result "0-1"]
[ECO "D10"]
[WhiteElo "2137"]
[BlackElo "2357"]
[PlyCount "114"]
[EventDate "2013.??.??"]
[TimeControl "6000+1605"]
[WhiteClock "0:11:47"]
[BlackClock "0:46:47"]

1. d4 d5 2. c4 c6 3. cxd5 cxd5 4. Bf4 Nf6 5. Nc3 Nc6 6. e3 a6 7. Bd3 g6 8. h3
Bg7 9. Nf3 O-O 10. O-O Re8 11. Bh2 Bf5 12. Bxf5 gxf5 13. Ne2 Rc8 14. Rc1 Qb6
15. b3 e6 16. Ne5 Nb4 17. a3 Nc6 18. Qd3 Bf8 19. b4 Nxe5 20. Bxe5 Nd7 21. Bh2
Bd6 22. Nf4 Bxf4 23. Bxf4 Qb5 24. Qxb5 axb5 25. Bc7 f6 26. Rfd1 Kf7 27. Kf1 Rg8
28. g3 h5 29. h4 Ra8 30. Rc3 Rgc8 31. Rdc1 Ra6 32. Ke2 Ke8 33. Kf3 Nf8 34. Rc5
Rc6 35. Rxc6 bxc6 36. Bd6 Ng6 37. Ke2 Kd7 38. Bc5 Ra8 39. Rc3 e5 40. f4 Re8 41.
Kf2 Nh8 42. dxe5 fxe5 43. fxe5 Nf7 44. Kf3 Nxe5+ 45. Kf4 Ke6 46. Bd4 Nc4 47.
Kg5 Rg8+ 48. Kxh5 Rxg3 49. Kh6 Kf7 50. h5 Kg8 51. e4 Rg4 52. e5 Rxd4 53. Kg5
Re4 54. Kxf5 Rxe5+ 55. Kf6 Re3 56. Rc1 d4 57. Rg1+ Kh8 0-1

[Event "Czech open A"]
[Site "?"]
[Date "2013.07.23"]
[Round "5.69"]
[White "Dauth, Benjamin"]
[Black "Gallien, Fabian"]
[Result "1-0"]
[ECO "C24"]
[WhiteElo "2349"]
[BlackElo "2213"]
[PlyCount "73"]
[EventDate "2013.??.??"]
[TimeControl "6000+870"]
[WhiteClock "0:10:18"]
[BlackClock "0:00:37"]

1. e4 e5 2. Bc4 Nf6 3. d3 c6 4. Qe2 Bc5 5. Nf3 d6 6. c3 Qe7 7. b4 Bb6 8. a4 a6
9. O-O Be6 10. Nbd2 Nbd7 11. Ba2 h6 12. Nh4 g6 13. Bxe6 Qxe6 14. Nc4 Bc7 15. f4
Qg4 16. Qe1 O-O-O 17. h3 Qh5 18. fxe5 dxe5 19. b5 g5 20. bxa6 b5 21. axb5 cxb5
22. Nf5 bxc4 23. Ne7+ Kb8 24. Be3 Ka8 25. a7 Rhe8 26. Nc6 Re6 27. Nxd8 Bxd8 28.
dxc4 g4 29. Qd1 Bc7 30. Rf5 Qg6 31. h4 Rd6 32. Qf1 Nxe4 33. Rxf7 Nef6 34. c5
Re6 35. Qb5 Qe4 36. Rxd7 Qxe3+ 37. Kh1 1-0

[Event "Czech open A"]
[Site "?"]
[Date "2013.07.23"]
[Round "5.70"]
[White "Kislik, Erik Andrew"]
[Black "Nguyen, Thai Dai Van"]
[Result "1-0"]
[ECO "D37"]
[WhiteElo "2345"]
[BlackElo "2176"]
[PlyCount "99"]
[EventDate "2013.??.??"]
[TimeControl "6000+760"]
[WhiteClock "0:55:37"]
[BlackClock "0:37:26"]

1. d4 d5 2. c4 e6 3. Nf3 Nf6 4. Nc3 Be7 5. Bf4 O-O 6. Rc1 c6 7. e3 Nbd7 8. h3
b6 9. cxd5 exd5 10. Bd3 Bb7 11. O-O Rc8 12. Qe2 a5 13. Rfd1 c5 14. Ba6 Bxa6 15.
Qxa6 c4 16. Qb5 Nb8 17. Bg5 Qd7 18. Qxb6 Nc6 19. Ne5 Qe6 20. Bxf6 Bxf6 21. Nxc6
Rxc6 22. Qxa5 Rd8 23. Qa4 Rb6 24. Qc2 Rdb8 25. Na4 Rb4 26. Nc5 Qc6 27. b3 Be7
28. Nd3 R4b7 29. bxc4 Ba3 30. cxd5 Qxd5 31. Rb1 g6 32. Nf4 Qd7 33. Rb3 Rxb3 34.
axb3 Qb7 35. Rb1 Rc8 36. Qd1 Qb5 37. Qd3 Qa5 38. Ra1 Rc1+ 39. Rxc1 Bxc1 40. Qd1
Bb2 41. Nd3 Ba3 42. Qa1 Qd2 43. Qxa3 Qxd3 44. Qb2 g5 45. b4 h5 46. b5 g4 47.
hxg4 hxg4 48. g3 f5 49. b6 f4 50. exf4 1-0